 Dungeon Crawl Stone Soup version 0.30-a0-782-ge64f9170bb (webtiles) character file.

Game seed: 3059440352952937564

818 funkygono the Firebug (level 7, -4/47 HPs)
             Began as a Demonspawn Fire Elementalist on Mar 10, 2023.
             Killed from afar by a steam dragon (14 damage)
             ... with a ball of steam
             ... on level 4 of the Dungeon.
             The game lasted 00:06:40 (3899 turns).

funkygono the Firebug (DsFE)                        Turns: 3899, Time: 00:06:40

Health: -4/47      AC:  4    Str:  9    XL:     7   Next: 62%
Magic:  22/23      EV: 17    Int: 18    God:
Gold:   161        SH:  0    Dex: 17    Spells: 5/15 levels left

rFire   . . .      SeeInvis .    e - +0 whip
rCold   . . .      Faith    .    (no shield)
rNeg    . . .      Spirit   .    a - +0 robe
rPois   .          Reflect  .    (helmet restricted)
rElec   .          Harm     .    (no cloak)
rCorr   .          Rampage  .    m - +1 pair of gloves
Will    .....                    (no boots)
Stlth   ++++                     l - amulet of magic regeneration
HPRegen 0.27/turn                p - +5 ring of evasion
MPRegen 0.58/turn                g - ring of magical power

@: no status effects
A: antennae 1, thin skeletal structure 2, spiny 1
a: no special abilities


You were on level 4 of the Dungeon.
You visited 1 branch of the dungeon, and saw 4 of its levels.
You also visited: Sewer.

You collected 161 gold pieces.

Inventory:

Hand Weapons
 e - a +0 whip (weapon)
Armour
 a - a +0 robe (worn)
 m - a +1 pair of gloves (worn)
Jewellery
 g - a ring of magical power (right hand)
 l - an amulet of magic regeneration (around neck)
 p - a +5 ring of evasion (left hand)
Wands
 q - a wand of charming (11)
Scrolls
 f - 4 scrolls of teleportation
 n - a scroll of enchant weapon {unknown}
 u - 2 scrolls of amnesia
Potions
 b - a potion of magic
 c - 4 potions of curing {unknown}
 d - a potion of haste
 h - a potion of flight {unknown}
 i - 4 potions of mutation
 j - 2 potions of heal wounds
 k - a potion of ambrosia
 o - a potion of cancellation {unknown}
 r - a potion of might {unknown}
 s - a potion of degeneration {unknown}


   Skills:
 + Level 0.4 Fighting
 + Level 0.8 Maces & Flails
 + Level 2.2 Dodging
 + Level 1.8 Stealth
 + Level 4.9 Spellcasting
 + Level 4.2 Conjurations
 + Level 5.3 Fire Magic


You had 5 spell levels left.
You knew the following spells:

 Your Spells              Type           Power      Damage    Failure   Level
a - Foxfire               Conj/Fire      84%        2x1d8     1%          1
b - Scorch                Fire           46%        2d7       2%          2
c - Kindle Blastsparks    Fire/Tloc/Air  20%        2d11      19%         3
d - Flame Wave            Conj/Fire      21%        2d8       19%         4

Your spell library contained the following spells:

 Spells                   Type           Power      Damage    Failure   Level
 Shock                    Conj/Air       48%        1d6       5%          1
 Inner Flame              Hex/Fire       14%        N/A       14%         3
 Ozocubu's Armour         Ice            4%         N/A       38%         3
 Swiftness                Air            4%         N/A       38%         3
 Airstrike                Air            2%         2d(1-17)  80%         4
 Metabolic Englaciation   Hex/Ice        2%         N/A       98%         5
 Simulacrum               Ice/Necr       2%         N/A       100%        6


Dungeon Overview and Level Annotations

Branches:
Dungeon (4/15)              Sewer (visited)
 Temple: D:4-7

Altars:

Shops:
D:3 [


Innate Abilities, Weirdness & Mutations

You have a pair of small antennae on your head.
You have a moderately thin skeletal structure. (Dex +4, Stealth++)
You are partially covered in sharp spines.


Message History

An adder comes into view.
An orc comes into view. It is wielding a +0 falchion.
The foxfire hits the steam dragon.
The steam dragon is lightly wounded.
The foxfire hits the steam dragon but does no damage.
The steam dragon is lightly wounded.
Your foxfire dissipates!
Casting: Foxfire (safe; 1% risk of failure)
Confirm with . or Enter, or press ? or * to list all spells.
You conjure some foxfire!
The orc shouts!
You hear a shout!
The steam dragon breathes steam at you. The ball of steam hits you!
The ball of steam hits your foxfire.
Your foxfire resists.
Casting: Foxfire (safe; 1% risk of failure)
Confirm with . or Enter, or press ? or * to list all spells.
You conjure some foxfire!
You are engulfed in a cloud of scalding steam.
* * * LOW HITPOINT WARNING * * *
An orc comes into view. It is wielding a +0 club. x2
The foxfire hits the adder!
The adder is severely wounded.
The foxfire hits the adder.
You kill the adder!
Casting: Foxfire (safe; 1% risk of failure)
Confirm with . or Enter, or press ? or * to list all spells.
You conjure some foxfire!
The foxfire hits the kobold!
You kill the kobold!
The foxfire hits the orc.
The orc is heavily wounded.
An orc comes into view. It is wielding a +0 hand axe.
You are engulfed in a cloud of scalding steam.
* * * LOW HITPOINT WARNING * * *
The foxfire hits the steam dragon.
The steam dragon is lightly wounded.
The foxfire hits the steam dragon!
The steam dragon is moderately wounded.
The steam dragon breathes steam at you. The ball of steam hits you!
You die...

#.##..#)#.....#........# #.
##.#..##.............##.#
...
#...............#....[#.# #.
....
....##.........##.......#...
.### ....#.......#...##....#
...? .
....#.......#...#..(..##....
..
#####.......##.##....##D....
. ##....).....)....#...... .
#.#.........@§..§.....# .
...............§§D.....#
##..#.#.............)...#
######...#....§.#..#.....
#....#......#$.# #>K.
.......o....##...# #.
#......#..........#
.o##o...........
...o.#...........


You could see a steam dragon (catching breath) and 3 orcs.

Vanquished Creatures
  Sigmund (D:3)
  A black bear (D:4)
  2 bullfrogs (Sewer)
  A gnoll bouda (D:4)
  2 orc wizards
  5 gnolls (D:4)
  12 adders
  7 river rats
  A worm (D:2)
  3 dart slugs
  18 orcs
  2 bats (D:1)
  11 endoplasms
  5 giant cockroaches
  7 goblins
  4 hobgoblins
  3 quokkas
  19 ball pythons
  6 frilled lizards
  5 kobolds
  28 rats
143 creatures vanquished.

Vanquished Creatures (others)
  423 foxfires
423 creatures vanquished.

Grand Total: 566 creatures vanquished

Notes
Turn   | Place    | Note
-------+----------+-------------------------------------------
     0 | D:1      | funkygono the Demonspawn Fire Elementalist began the quest
                  | for the Orb.
     0 | D:1      | Reached XP level 1. HP: 13/13 MP: 3/3
   360 | D:1      | Reached skill level 3 in Fire Magic
   408 | D:1      | Gained mutation: You have a somewhat thin skeletal
                  | structure. (Dex +2, Stealth+) [demonic ancestry]
   408 | D:1      | Reached XP level 2. HP: 4/19 MP: 1/5
  1036 | D:1      | Learned a level 2 spell: Scorch
  1338 | D:2      | Gained mutation: You have a pair of small antennae on your
                  | head. [demonic ancestry]
  1338 | D:2      | Reached XP level 3. HP: 24/24 MP: 2/6
  2068 | D:3      | Reached XP level 4. HP: 3/30 MP: 6/8
  2707 | D:3      | Found Houxt's Armour Boutique.
  2826 | D:3      | Noticed Sigmund
  2840 | D:3      | Killed Sigmund
  2841 | D:3      | Reached skill level 4 in Fire Magic
  2841 | D:3      | Gained mutation: You are partially covered in sharp spines.
                  | [demonic ancestry]
  2841 | D:3      | Reached XP level 5. HP: 18/36 MP: 8/10
  2841 | D:3      | Gained mutation: You have a moderately thin skeletal
                  | structure. (Dex +4, Stealth++) [demonic ancestry]
  2841 | D:3      | Reached XP level 6. HP: 21/42 MP: 8/11
  3145 | D:3      | Learned a level 3 spell: Kindle Blastsparks
  3150 | D:3      | Learned a level 4 spell: Flame Wave
  3228 | D:4      | Found a glowing drain.
  3277 | Sewer    | Entered a sewer
  3575 | Sewer    | Reached XP level 7. HP: 47/47 MP: 13/13
  3687 | D:4      | Reached skill level 5 in Fire Magic
  3890 | D:4      | Noticed a steam dragon
  3899 | D:4      | Killed from afar by a steam dragon

Illustrated notes

Levels and vault maps discovered:
D:1:      minmay_arrival_five_plusses, layout_basic, minmay_split_cup_small
D:2:      layout_basic, hangedman_abyss_or_decor_lesser_grid
D:3:      layout_basic, mainiacjoe_overflow_tiny_flanked, serial_shops,
          nicolae_shop_advertising_works [nicolae_subvault_shop_adworks],
          minmay_misc_feat_rows, hangedman_abyss_or_decor_stabs,
          hangedman_feature_mirror, grunt_ministairs_13, uniq_sigmund
D:4:      layout_cave_pools, minmay_temple_entry_statues, portal_sewer_entry_a

Skill      XL: |  1  2  3  4  5  6  7 |
---------------+----------------------+-----
Fire Magic     | 3 4 5 |  5.3
Dodging        | 2 |  2.2
Conjurations   | 2 3 4 |  4.2
Spellcasting   | 3 4 |  4.9
Fighting       | |  0.4
Maces & Flails | |  0.8
Stealth        | |  1.8

Action                     |  1- 3 |  4- 6 |  7- 9 || total
---------------------------+-------+-------+-------++-------
  Melee: Whip              |    37 |     2 |       ||    39
         Punch             |     2 |       |       ||     2
   Cast: Foxfire           |    57 |   145 |    38 ||   240
         Scorch            |     6 |     8 |     6 ||    20
    Use: Scroll            |       |    12 |       ||    12
 Armour: Robe              |     5 |     1 |     1 ||     7
  Dodge: Dodged            |    22 |    10 |    12 ||    44

Table legend: (Time is in decaauts)
 A = Elapsed time spent in this place.
 B = Non-inter-level travel time spent in this place.
 C = Inter-level travel time spent in this place.
 D = Time resting spent in this place.
 E = Time spent auto-exploring this place.
 F = Levels seen in this place.
 G = Mean time per level.
                   A        B        C        D        E       F      G
               +--------+--------+--------+--------+--------+-----+--------+
         Total |   3939 |   3904 |     35 |     40 |   3083 |   5 |  787.8 |
       Dungeon |   3573 |   3538 |     35 |     40 |   2862 |   4 |  893.2 |
         Sewer |    365 |    365 |      0 |      0 |    220 |   1 |  365.0 |
               +--------+--------+--------+--------+--------+-----+--------+

Top non-repeatable levels by time:
     D:3: 1215 daAuts
     D:1: 1150 daAuts
     D:2: 801 daAuts
     D:4: 406 daAuts
   Sewer: 365 daAuts
